 Dungeon Crawl Stone Soup version 0.31-a0-18-gea43df2a32 (webtiles) character file.

Game seed: 14890462638706443982

64 vineage the Trooper (level 4, -3/37 HPs)
             Began as a Merfolk Fighter on May 11, 2023.
             Killed by divine providence
             ... invoked by an orc priest
              (12 damage)
             ... on level 3 of the Dungeon.
             The game lasted 00:02:12 (2063 turns).

vineage the Trooper (Merfolk Fighter)               Turns: 2063, Time: 00:02:13

Health: -3/37      AC:  7    Str: 18    XL:     4   Next: 12%
Magic:  4/4        EV:  9    Int:  7    God:
Gold:   98         SH:  4    Dex: 13    Spells: 3/3 levels left

rFire   . . .        a - +0 trident
rCold   . . .        c - +0 buckler
rNeg    . . .        b - +0 scale mail
rPois   .            (no helmet)
rElec   .            (no cloak)
rCorr   .            (no gloves)
SInv    .            h - +0 pair of boots
Will    .....        (no amulet) Stlth
                     (no ring)
HPRegen 0.26/turn    (no ring)
MPRegen 0.09/turn

%: no passive effects
@: no status effects
A: (nimble swimmer 2), mertail
a: no special abilities


You were on level 3 of the Dungeon.
You visited 1 branch of the dungeon, and saw 3 of its levels.

You collected 98 gold pieces.

Inventory:

Hand Weapons
 a - a +0 trident (weapon)
Armour
 b - a +0 scale mail (worn)
 c - a +0 buckler (worn)
 h - a +0 pair of boots (worn)
Jewellery
 k - a ring of wizardry
Scrolls
 e - a scroll of amnesia {unknown}
 f - 4 scrolls of identify {unknown}
 l - a scroll of immolation {unknown}
 m - a scroll of poison {unknown}
 n - a scroll of torment {unknown}
Potions
 d - a potion of might
 g - a potion of brilliance {unknown}
 i - a potion of curing
 j - 2 potions of lignification {unknown}


   Skills:
 * Level 4.0 Fighting
 + Level 3.3 Polearms
 * Level 2.8 Armour
 + Level 3.3 Shields


You had 3 spell levels left.
You didn't know any spells.
Your spell library contained the following spells:

 Spells                   Type           Power      Damage    Failure   Level
 Sandblast                Erth           0%         2d4       88%         1
 Cigotuvi's Dreadful Rot  Necr/Pois/Air  0%         N/A       96%         2
 Passwall                 Tmut/Erth      0%         N/A       96%         2
 Stone Arrow              Conj/Erth      0%         3d7       99%         3
 Dispel Undead            Necr           0%         3d6       100%        4
 Passage of Golubria      Tloc           0%         N/A       100%        4
 Silence                  Hex/Air        0%         N/A       100%        5
 Death Channel            Necr           0%         N/A       100%        6
 Lehudib's Crystal Spear  Conj/Erth      0%         10d2      100%        8


Dungeon Overview and Level Annotations

Branches:
Dungeon (3/15)

Altars:


Innate Abilities, Weirdness & Mutations

((You are very nimble when in or above water. (Stealth+, EV+, Speed+++)))
Your lower body shifts to a powerful aquatic tail in water.


Message History

* * * LOW HITPOINT WARNING * * *
You hit the orc.
The orc is severely wounded.
You block the orc's attack.
You barely miss the orc.
The orc is severely wounded.
The orc hits you but does no damage. x2
You hit the orc.
You kill the orc!
The orc priest barely misses you.
You barely miss the orc. The orc priest closely misses you.
The orc barely misses you.
You puncture the orc!
You kill the orc!
You block the orc priest's attack.
The orc priest hits you with a +0 trident!
* * * LOW HITPOINT WARNING * * *
Items here: )) [ ††.
You barely miss the orc priest.
The orc priest is moderately wounded.
The orc priest hits you with a +0 trident.
* * * LOW HITPOINT WARNING * * *
You feel better.
The orc priest hits you with a +0 trident.
* * * LOW HITPOINT WARNING * * *
You hit the orc priest.
The orc priest is moderately wounded.
The orc priest hits you but does no damage.
The orc priest closely misses you.
You feel better.
The orc priest begins to cast a cantrip, but forgets the words!
You closely miss the orc priest.
The orc priest is moderately wounded.
The orc priest hits you with a +0 trident.
* * * LOW HITPOINT WARNING * * *
You closely miss the orc priest.
The orc priest is moderately wounded.
The orc priest mumbles some strange prayers to Beogh against you.
Beogh smites you!
You die...

#.##........
#.##........
##
#.##.......#
... #.# #.#
.... #.# #.#
[.... #.# #.#
......#.###)#
......)..##.#
......#..##@#
......#..>o.#
..... #######
#####


You could see an orc priest.

Vanquished Creatures
  A worm (D:2)
  A dart slug (D:2)
  3 orcs (D:3)
  8 bats
  3 endoplasms
  3 giant cockroaches
  3 hobgoblins (D:1)
  7 quokkas
  8 ball pythons
  A frilled lizard (D:3)
  5 goblins (D:1)
  5 kobolds
  3 rats
51 creatures vanquished.

Notes
Turn   | Place    | Note
-------+----------+-------------------------------------------
     0 | D:1      | vineage the Merfolk Fighter began the quest for the Orb.
     0 | D:1      | Reached XP level 1. HP: 18/18 MP: 1/1
   123 | D:1      | Reached XP level 2. HP: 24/24 MP: 2/2
   195 | D:1      | Found a faded altar of an unknown god.
   756 | D:1      | Reached XP level 3. HP: 28/30 MP: 3/3
  1533 | D:2      | Identified the +10 short sword "Impbane" {heavy, rElec}
  1708 | D:2      | Reached skill level 4 in Fighting
  2010 | D:3      | Reached XP level 4. HP: 35/37 MP: 4/4
  2058 | D:3      | HP: 1/37 [orc priest/+0 trident (5)]
  2063 | D:3      | Killed from afar by an orc priest

Illustrated notes

Levels and vault maps discovered:
D:1:      dpeg_arrival_boxorama, layout_basic, ebering_ecumenical_altar_mist,
          kennysheep_another_room
D:2:      layout_basic
D:3:      minmay_door_path, layout_basic, grunt_qazlal_clouds

Skill      XL: |  1  2  3 |
---------------+----------+-----
Polearms       | 3 |  3.3
Fighting       | 4 |  4.0
Armour         | |  2.8
Shields        | |  3.3

Action                     |  1- 3 |  4- 6 || total
---------------------------+-------+-------++-------
  Melee: Trident           |   164 |    17 ||   181
    Use: Potion            |       |     3 ||     3
 Armour: Scale mail        |    80 |     7 ||    87
  Dodge: Dodged            |    59 |    11 ||    70
  Block: Buckler           |    25 |     8 ||    33

Table legend: (Time is in decaauts)
 A = Elapsed time spent in this place.
 B = Non-inter-level travel time spent in this place.
 C = Inter-level travel time spent in this place.
 D = Time resting spent in this place.
 E = Time spent auto-exploring this place.
 F = Levels seen in this place.
 G = Mean time per level.
                   A        B        C        D        E       F      G
               +--------+--------+--------+--------+--------+-----+--------+
         Total |   2095 |   1978 |    117 |      0 |   1611 |   3 |  698.3 |
       Dungeon |   2095 |   1978 |    117 |      0 |   1611 |   3 |  698.3 |
               +--------+--------+--------+--------+--------+-----+--------+

Top non-repeatable levels by time:
     D:1: 1165 daAuts
     D:2: 773 daAuts
     D:3: 156 daAuts
